AoeStats
← ignacio.vgl

Arena

510231781Analyzed
4v4 RM · 9h ago on Sep 30, 2026· 63m 12s· 8 players
Game mode
Random Map
Map size
Large (8 player)
Population
200
Speed
Normal
Resources
Standard
Victory
Conquest
Starting age
Dark Age
Ending age
Imperial Age
RankedLock teamsTeams togetherTeam positionsShared explorationLock speedFull tech treeHidden civsTurbo modeCheats
Victory
Defeat
🇨🇱 Turks · Chile
1069
+11
🇨🇱 Chinese · Chile
988
+14
🇨🇱 Mapuche · Chile
904
+17
🇨🇱 Goths · Chile
901
+23
🇲🇽 Britons · Mexico
958
-16
🇨🇴 Persians · Colombia
942
-15
🇬🇧 Vikings · United Kingdom
935
-15
🇺🇸 Mongols · United States
917
-14
ignacio.vgl
0:29 Loom
11:34 Feudal Age
12:29 Double-Bit Axe
17:26 Castle Age
17:29 Town Watch
17:28 Horse Collar
17:42 Stone Mining
18:55 Wheelbarrow
20:08 Gold Mining
21:33 Bow Saw
29:48 Gold Shaft Mining
28:43 Crossbowman
29:25 Padded Archer Armor
29:15 Fletching
30:14 Hand Cart
30:16 Fortified Wall
31:01 Leather Archer Armor
30:11 Elite Skirmisher
31:43 Bodkin Arrow
36:14 Imperial Age
34:53 Ballistics
38:40 Heavy Plow
40:02 Conscription
40:58 Bracer
40:46 Treadmill Crane
42:07 Chemistry
42:21 Murder Holes
44:00 Pikeman
44:02 Arbalester
45:15 Ring Archer Armor
45:15 Yeomen
45:36 Elite Longbowman
46:52 Hoardings
46:57 Halberdier
48:44 Two-Man Saw
48:18 Squires
48:04 Arson
48:05 Gambesons
48:23 Scale Mail Armor
48:33 Forging
49:57 Town Patrol
THE_LORD
11:26 Feudal Age
11:41 Horse Collar
11:46 Double-Bit Axe
18:17 Castle Age
19:10 Bow Saw
19:01 Heavy Plow
21:33 Wheelbarrow
26:26 Bloodlines
27:26 Hand Cart
27:19 Loom
28:58 Elite Skirmisher
32:03 Light Cavalry
32:44 Husbandry
38:46 Imperial Age
37:23 Caravan
38:08 Scale Barding Armor
37:54 Fletching
39:55 Thumb Ring
40:33 Citadels
41:28 Chemistry
40:25 Murder Holes
40:51 Ballistics
40:32 Bodkin Arrow
40:38 Padded Archer Armor
41:26 Crop Rotation
42:14 Two-Man Saw
42:00 Chain Barding Armor
42:19 Guard Tower
42:17 Hussar
42:23 Cavalier
44:14 Leather Archer Armor
44:34 Plate Barding Armor
44:42 Savar
45:27 Heavy Scorpion
48:37 Hoardings
48:05 Gold Mining
48:05 Stone Mining
49:47 Conscription
Gamma Squeezee
9:26 Feudal Age
11:04 Wheelbarrow
13:08 Double-Bit Axe
18:53 Castle Age
17:23 Horse Collar
17:35 Gold Mining
17:42 Stone Mining
22:58 Bow Saw
25:18 Light Cavalry
30:16 Imperial Age
28:33 Gold Shaft Mining
28:50 Scale Mail Armor
29:57 Chain Mail Armor
30:13 Man-at-Arms
31:06 Forging
31:19 Drill
31:09 Arson
31:07 Capped Ram
31:18 Long Swordsman
32:36 Iron Casting
32:33 Two-Handed Swordsman
33:09 Siege Ram
34:31 Conscription
34:36 Fletching
35:37 Champion
41:24 Plate Mail Armor
Greenland Viking
7:35 Loom
11:41 Feudal Age
16:54 Castle Age
15:42 Double-Bit Axe
15:40 Horse Collar
16:52 Scale Mail Armor
17:03 Forging
21:19 Iron Casting
25:22 Caravan
25:57 Town Watch
26:37 Chain Mail Armor
26:13 Fletching
26:38 Bow Saw
26:30 Heavy Plow
31:08 Imperial Age
31:34 Chieftains
31:58 Ballistics
31:20 Treadmill Crane
31:38 Bodkin Arrow
32:22 Plate Mail Armor
34:20 Blast Furnace
35:03 Conscription
35:38 Elite Varangian Guard
36:19 Squires
36:05 Arson
36:43 Bracer
37:47 Chemistry
37:01 Fortified Wall
37:58 Elite Berserk
39:50 Heavy Scorpion
54:53 Capped Ram
57:04 Two-Man Saw
log10dk
11:53 Feudal Age
13:08 Loom
13:21 Horse Collar
13:31 Double-Bit Axe
18:05 Castle Age
18:54 Heavy Plow
20:18 Forging
23:51 Bow Saw
25:18 Iron Casting
25:21 Scale Mail Armor
26:35 Wheelbarrow
26:12 Town Watch
27:00 Chain Mail Armor
28:57 Hand Cart
28:28 Pikeman
29:09 Squires
30:10 Anarchy
35:45 Man-at-Arms
39:25 Imperial Age
36:44 Long Swordsman
39:28 Two-Handed Swordsman
40:38 Perfusion
40:10 Champion
40:17 Champion
42:43 Blast Furnace
48:36 Halberdier
55:54 Conscription
X4
10:35 Feudal Age
13:27 Loom
16:07 Castle Age
14:16 Double-Bit Axe
14:21 Horse Collar
22:30 Imperial Age
21:18 Bow Saw
21:10 Heavy Plow
26:03 Padded Archer Armor
27:50 Leather Archer Armor
29:47 Wheelbarrow
30:46 Ring Archer Armor
30:20 Squires
33:55 Ballistics
33:48 Forging
33:43 Scale Barding Armor
38:08 Two-Man Saw
37:02 Gold Mining
37:03 Stone Mining
38:05 Iron Casting
37:50 Chain Barding Armor
38:33 Caravan
39:00 Bloodlines
40:41 Hand Cart
41:40 Elite Janissary
42:49 Husbandry
43:26 Plate Barding Armor
42:52 Town Watch
44:30 Blast Furnace
45:16 Artillery
46:23 Gold Shaft Mining
46:37 Conscription
Babosavoladora
6:58 Loom
9:56 Feudal Age
14:34 Castle Age
13:31 Fletching
13:44 Scale Mail Armor
14:31 Double-Bit Axe
15:57 Champi Runner
20:24 Wheelbarrow
20:05 Bow Saw
19:49 Arson
21:22 Forging
22:44 Bodkin Arrow
22:52 Padded Archer Armor
23:27 Town Watch
23:31 Horse Collar
23:40 Pikeman
26:03 Heavy Plow
31:38 Chain Mail Armor
34:08 Imperial Age
32:10 Hand Cart
33:31 Iron Casting
35:55 Champi Warrior
38:06 Gold Mining
38:49 Plate Mail Armor
38:58 Conscription
40:56 Gold Shaft Mining
39:46 Elite Champi Warrior
39:55 Elite Skirmisher
42:31 Blast Furnace
41:49 Halberdier
55:52 Heavy Plow
56:06 Malon
56:02 Stone Mining
vZeick
3:41 Loom
4:04 Loom
10:52 Feudal Age
11:26 Double-Bit Axe
11:24 Horse Collar
14:13 Wheelbarrow
19:24 Castle Age
20:44 Bow Saw
20:26 Gold Mining
20:39 Heavy Plow
21:07 Hand Cart
22:08 Fletching
22:19 Padded Archer Armor
22:56 Stone Mining
23:44 Gold Shaft Mining
24:27 Stone Shaft Mining
24:24 Leather Archer Armor
24:06 Bodkin Arrow
32:53 Imperial Age
31:56 Ballistics
33:57 Rocketry
34:26 Ring Archer Armor
33:56 Bracer
35:00 Chemistry
35:08 Two-Man Saw
38:21 Thumb Ring
37:38 Crossbowman
39:49 Arbalester
54:47 Caravan
54:54 Heavy Scorpion
62:17 Elite Skirmisher
Connection lost

Rejoining the realm…

Still unreachable

The connection could not be restored.

Session expired

The server has moved on; the page needs a fresh start.